 Dungeon Crawl Stone Soup version 0.30-a0-585-g93115170b9 (webtiles) character file.

Game seed: 947739515051296008

1344 Newt the Trooper (level 8, -1/61 HPs)
             Began as a Demonspawn Gladiator on Jan 2, 2023.
             Was a Priest of Kikubaaqudgha.
             Slain by a shadow (19 damage)
             ... on level 6 of the Dungeon.
             The game lasted 00:06:31 (3951 turns).

Newt the Trooper (Demonspawn Gladiator)             Turns: 3951, Time: 00:06:32

Health: -1/61      AC:  8    Str: 14    XL:     8   Next: 36%
Magic:  12/12      EV: 13    Int: 11    God:    Kikubaaqudgha [***...]
Gold:   1161       SH:  0    Dex: 16    Spells: 12/13 levels left

rFire   . . .      SeeInvis .    a - +2 rapier (spect)
rCold   . . .      Faith    .    (no shield)
rNeg    . . .      Spirit   .    b - +0 leather armour
rPois   .          Reflect  .    p - +2 helmet
rElec   .          Harm     .    (no cloak)
rCorr   +          Rampage  .    (no gloves)
Will    .....                    u - +0 pair of boots
Stlth   ++                       (no amulet)
HPRegen 0.30/turn                s - ring of resist corrosion
MPRegen 0.13/turn                (no ring)

@: no status effects
A: spiny 2, weakness stinger 1, shaggy fur 1
a: Renounce Religion, Unearth Wretches


You were on level 6 of the Dungeon.
You worshipped Kikubaaqudgha.
Kikubaaqudgha was most pleased with you.
You visited 1 branch of the dungeon, and saw 6 of its levels.

You collected 1197 gold pieces.
You spent 36 gold pieces at shops.

Inventory:

Hand Weapons
 a - a +2 spectral rapier (weapon)
 m - a +2 dagger of draining
 r - a +3 war axe
Missiles
 d - 3 throwing nets
 q - 5 boomerangs
Armour
 b - a +0 leather armour (worn)
 c - a +1 helmet
 p - a +2 helmet (worn)
 u - a +0 pair of boots (worn)
Jewellery
 s - a ring of resist corrosion (left hand)
Scrolls
 h - a scroll of torment
 j - 2 scrolls of amnesia
 k - 2 scrolls of teleportation
 v - a scroll of fear
 w - a scroll of butterflies {unknown}
 x - a scroll of vulnerability {unknown}
 z - a scroll of fog
Potions
 f - a potion of ambrosia
 g - a potion of attraction
 i - 2 potions of flight
 l - a potion of mutation
 n - a potion of haste {unknown}
 o - 4 potions of curing


   Skills:
 + Level 4.4 Fighting
 - Level 4.0 Short Blades
 - Level 1.7 Throwing
 - Level 4.0 Armour
 - Level 4.0 Dodging
 - Level 4.0 Stealth
 - Level 3.0 Spellcasting
 - Level 4.0 Necromancy


You had 12 spell levels left.
You knew the following spells:

 Your Spells              Type           Power      Damage    Failure   Level
a - Necrotise             Necr           40%        1d6       6%          1

Your spell library contained the following spells:

 Spells                   Type           Power      Damage    Failure   Level
 Sublimation of Blood     Necr           10%        N/A       10%         2
 Kiss of Death            Conj/Necr      24%        2d7       14%         1
 Magic Dart               Conj           4%         1d3       32%         1
 Poisonous Vapours        Pois/Air       2%         N/A       43%         2
 Searing Ray              Conj           2%         2d4       43%         2
 Animate Dead             Necr           10%        N/A       52%         4
 Dispel Undead            Necr           10%        3d9       52%         4
 Anguish                  Hex/Necr       3%         N/A       80%         4
 Agony                    Necr           10%        N/A       86%         5
 Fulminant Prism          Conj/Hex       0%         3d5       97%         4
 Summon Lightning Spire   Summ/Air       1%         N/A       97%         4
 Borgnjor's Vile Clutch   Necr/Erth      3%         N/A       98%         5
 Death Channel            Necr           5%         N/A       100%        6
 Maxwell's Capacitive Co  Air            0%         ∞         100%        8


Dungeon Overview and Level Annotations

Branches:
Dungeon (6/15)
 Temple: D:4-7

Altars:
Gozag
Kikubaaqudgha
Ru
Yredelemnul

Shops:
D:6 !


Innate Abilities, Weirdness & Mutations

You are mostly covered in sharp spines.
You have a small tail.
You are covered in fur. (AC +1)


Message History

You kill the howler monkey!
Kikubaaqudgha accepts your kill.
Training target 4.0 for Dodging reached!
Your Dodging skill increases to level 4!
You need to enable at least one skill for training.
You closely miss the phantom.
Your +2 spectral rapier hits the phantom!
The phantom is struck by your spines. The phantom closely misses you.
You closely miss the phantom.
Your tail-slap misses the phantom.
The phantom is severely damaged.
Your +2 spectral rapier misses the phantom.
The shadow strikes at you from the darkness!
* * * LOW HITPOINT WARNING * * *
Reactivating autopickup.
The phantom barely misses you.
You swap places.
Found 27 gold pieces.
The phantom barely misses you.
You feel much better. The shadow is struck by your spines. The shadow hits you.
* * * LOW HITPOINT WARNING * * *
The phantom hits you.
* * * LOW HITPOINT WARNING * * *
The phantom blinks!
You blink.
You hit the phantom.
Your tail-slap misses the phantom.
The phantom is almost destroyed.
Your +2 spectral rapier hits the phantom.
The phantom misses you.
You completely miss the phantom.
The phantom is almost destroyed.
Your +2 spectral rapier misses the phantom.
The phantom is struck by your spines.
You destroy the phantom!
Kikubaaqudgha accepts your kill.
The shadow slips into darkness.
The shadow flickers and vanishes!
Deactivating autopickup; reactivate with Ctrl-A.
Throw: javelin
Press: ? - help, Shift-Dir - straight line You throw a javelin.
The shadow strikes at you from the darkness!
You die...
Kikubaaqudgha rasps: "You have failed me!
Welcome... death!"

######.#. #. ..
.....#.. .........
#.# .#...#..
######### ..###.....
# ##.#(#.#.#.# #
#..##))....+ ######
#.#(..##.##...#
.....# #.....# ..# .
####.##########....#
..#
)))†............@..#
$$#
####.#########.#...#
### #.# #..##.....
#.# ##.#?#...# #.#
..## ..... #.# #.#.
#...# #.# #. .. ...
#.# ## #. .## #.#


There were no monsters in sight!

Vanquished Creatures
  Eustachio (D:4)
  Edmund (D:6)
  An ogre (D:6)
  A black bear (D:6)
  A centaur (D:5)
  2 phantoms (D:6)
  2 scorpions (D:6)
  A howler monkey (D:6)
  2 quasits (D:4)
  3 hounds
  5 iguanas
  An orc wizard (D:6)
  Robin (D:2)
  A gnoll (D:1)
  4 adders
  5 shadow imps (D:4)
  3 white imps (D:4)
  4 ufetubi
  3 dart slugs
  10 orcs
  4 ball pythons
  5 bats
  8 endoplasms
  3 hobgoblins
  3 jackals (D:2)
  6 kobolds
  4 quokkas
  4 frilled lizards (D:2)
  12 goblins
  7 rats
108 creatures vanquished.

Vanquished Creatures (others)
  5 demonic plants (D:4)
5 creatures vanquished.

Grand Total: 113 creatures vanquished

Notes
Turn   | Place    | Note
-------+----------+-------------------------------------------
     0 | D:1      | Newt the Demonspawn Gladiator began the quest for the Orb.
     0 | D:1      | Reached XP level 1. HP: 16/16 MP: 1/1
    53 | D:1      | Reached skill level 1 in Stealth
    72 | D:1      | Found a faded altar of an unknown god.
   119 | D:1      | Prayed at the altar of an unknown god.
   119 | D:1      | Became a worshipper of Kikubaaqudgha
   119 | D:1      | Reached * piety under Kikubaaqudgha
   119 | D:1      | Received a gift from Kikubaaqudgha
   137 | D:1      | Gained mutation: You have a small tail. [demonic ancestry]
   137 | D:1      | Reached XP level 2. HP: 13/22 MP: 2/2
   408 | D:1      | Reached skill level 1 in Necromancy
   557 | D:1      | Gained mutation: You are partially covered in sharp spines.
                  | [demonic ancestry]
   557 | D:1      | Reached XP level 3. HP: 17/27 MP: 3/3
   560 | D:1      | Learned a level 1 spell: Necrotise
   886 | D:2      | Reached ** piety under Kikubaaqudgha
  1105 | D:2      | Gained mutation: You are mostly covered in sharp spines.
                  | [demonic ancestry]
  1105 | D:2      | Reached XP level 4. HP: 33/33 MP: 4/4
  1110 | D:2      | Noticed Robin
  1126 | D:2      | Killed Robin
  1307 | D:3      | Found a sacrificial altar of Ru.
  1613 | D:3      | Found a faded altar of an unknown god.
  1617 | D:3      | Found a basalt altar of Yredelemnul.
  1721 | D:4      | Found an opulent altar of Gozag.
  1765 | D:4      | Reached skill level 1 in Spellcasting
  1765 | D:4      | Reached XP level 5. HP: 37/38 MP: 5/7
  1846 | D:4      | Reached *** piety under Kikubaaqudgha
  1846 | D:4      | Received a gift from Kikubaaqudgha
  2331 | D:4      | Noticed Eustachio
  2365 | D:4      | Killed Eustachio
  2366 | D:4      | Reached XP level 6. HP: 24/44 MP: 5/10
  2727 | D:5      | Entered Level 5 of the Dungeon
  2768 | D:5      | Reached XP level 7. HP: 53/53 MP: 11/11
  2790 | D:5      | Identified a scroll of acquirement
  2790 | D:5      | Acquired 882 gold pieces
  3609 | D:6      | Found Adaon's Distillery.
  3655 | D:6      | Bought a potion of curing for 36 gold pieces
  3665 | D:6      | Reached skill level 1 in Armour
  3816 | D:6      | Gained mutation: You are covered in fur. (AC +1) [potion of
                  | mutation]
  3853 | D:6      | Reached XP level 8. HP: 50/60 MP: 12/12
  3911 | D:6      | Got the Quarto of the Atmosphere
  3930 | D:6      | Noticed Edmund
  3939 | D:6      | Killed Edmund
  3951 | D:6      | Slain by a shadow

Illustrated notes

Levels and vault maps discovered:
D:1:      saegor_arrival_simple_a, layout_basic, ebering_ecumenical_altar_ruins,
          nrook_mini_backslash
D:2:      layout_rooms, nicolae_eternal_life, item_on_display_a, uniq_robin
D:3:      layout_rooms, mainiacjoe_overflow_tiny_flanked,
          nicolae_overflow_ecumenical_swirl
D:4:      layout_loops_corners, lemuel_tele_altar, serial_demonic,
          serial_demonic_d, serial_demonic_e, serial_demonic_e,
          serial_demonic_c, serial_demonic_e, serial_demonic_f, uniq_eustachio
D:5:      layout_loops_ring
D:6:      layout_loops_ring, kennysheep_mini, serial_shops,
          nicolae_stop_n_shop_2, minmay_fractal_squares_diagonal_5, uniq_edmund

Skill      XL: |  1  2  3  4  5  6  7  8 |
---------------+-------------------------+-----
Stealth        | 1 2 4 |  4.0
Necromancy     | 1 3 4 |  4.0
Spellcasting   | 1 3 |  3.0
Short Blades   | 4 |  4.0
Fighting       | 3 4 |  4.4
Armour         | 3 4 |  4.0
Dodging        | 4 |  4.0
Throwing       | |  1.7

Action                   |  1- 3 |  4- 6 |  7- 9 || total
-------------------------+-------+-------+-------++-------
Melee: Rapier            |    62 |    78 |    57 ||   197
       Dagger            |    17 |       |       ||    17
       Tailslap          |     4 |     7 |     7 ||    18
       Punch             |     1 |       |     1 ||     2
Throw: Throwing net      |       |     1 |       ||     1
       Javelin           |       |       |     1 ||     1
 Cast: Necrotise         |       |     4 |       ||     4
  Use: Scroll            |     7 |     2 |     5 ||    14
       Potion            |       |     1 |     2 ||     3
 Stab: Sleeping          |     4 |     5 |     3 ||    12
       Distracted        |       |     1 |       ||     1
Armor: Leather armour    |    13 |    24 |     8 ||    45
Dodge: Dodged            |    42 |    31 |    29 ||   102

Table legend: (Time is in decaauts)
 A = Elapsed time spent in this place.
 B = Non-inter-level travel time spent in this place.
 C = Inter-level travel time spent in this place.
 D = Time resting spent in this place.
 E = Time spent auto-exploring this place.
 F = Levels seen in this place.
 G = Mean time per level.
                   A        B        C        D        E       F      G
               +--------+--------+--------+--------+--------+-----+--------+
         Total |   3958 |   3859 |     99 |     69 |   3101 |   6 |  659.7 |
       Dungeon |   3958 |   3859 |     99 |     69 |   3101 |   6 |  659.7 |
               +--------+--------+--------+--------+--------+-----+--------+

Top non-repeatable levels by time:
     D:4: 1025 daAuts
     D:5: 881 daAuts
     D:1: 673 daAuts
     D:2: 575 daAuts
     D:3: 461 daAuts
     D:6: 341 daAuts
